 Dungeon Crawl Stone Soup version 0.29-a0-962-gc8bbfd0a37 (webtiles) character file.

Game seed: 1242250799761451407

10624 jlumianski the Thaumaturge (level 11, -8/65 (75) HPs)
             Began as a Demonspawn Ice Elementalist on July 30, 2022.
             Was a Believer of Qazlal.
             Mangled by a spectral orc warlord
             ... wielding a +1 war axe of venom
             ... summoned by Nergalle
              (15 damage)
             ... on level 10 of the Dungeon.
             The game lasted 01:08:59 (11162 turns).

jlumianski the Thaumaturge (DsIE)                  Turns: 11162, Time: 01:08:59

HP:   -8/65 (75)    AC: 14    Str:  8    XL:     11   Next: 38%
MP:   29/30         EV: 18    Int: 25    God:    Qazlal [**....]
Gold: 458           SH:  7    Dex: 14    Spells: 14/28 levels left

rFire   . . .      SeeInvis .   x - +3 broad axe (flame)
rCold   . . .      Faith    .   (no shield)
rNeg    . . .      Spirit   .   d - +1 leather armour of Integrity {Int+4}
rPois   .          Reflect  .   (helmet restricted)
rElec   .          Harm     .   (no cloak)
rCorr   .          Rampage  .   (no gloves)
Will    .....                   q - +1 pair of boots {Fly}
Stlth   ++........              (no amulet)
HPRegen 0.20/turn               p - ring of magical power
MPRegen 0.22/turn               w - +4 ring of evasion

@: flying, heavily drained
A: antennae 2, repulsion field 1, icemail 2, condensation shield, low MP 1, wild
magic 1
a: Renounce Religion, Upheaval


You were on level 10 of the Dungeon.
You worshipped Qazlal.
Qazlal was pleased with you.
You visited 2 branches of the dungeon, and saw 11 of its levels.
You also visited: Bailey.

You collected 548 gold pieces.
You spent 90 gold pieces at shops.

Inventory:

Hand Weapons
 c - a +0 dagger
 f - a +1 war axe
 h - a +1 mace of protection
 t - a +0 rapier
 u - a +0 battleaxe
 v - a +4 battleaxe of freezing
 x - a +3 broad axe of flaming (weapon)
 y - a +0 vorpal sling
Missiles
 m - 18 poisoned darts
 r - 77 stones
 E - 7 boomerangs (quivered)
 L - 3 throwing nets
Armour
 a - a +0 robe
 d - the +1 leather armour of Integrity (worn) {Int+4}
   (You found it on level 3 of the Dungeon)

   Int:       It affects your intelligence (+4).
 k - a +1 leather armour
 q - a +1 pair of boots of flying (worn)
 I - a +0 troll leather armour
 Q - the +1 leather armour "Yprewes" {Str+5}
   (You found it on level 9 of the Dungeon)

   Str:       It affects your strength (+5).
 S - the +0 pair of boots of Wu Jian's Displeasure {+Inv rElec}
   (You found it on level 10 of the Dungeon)

   rElec:     It insulates you from electricity.
   +Inv:      It lets you turn invisible.
Magical Staves
 T - a staff of fire
Jewellery
 g - a ring of fire
 p - a ring of magical power (left hand)
 w - a +4 ring of evasion (right hand)
 K - a ring of protection from cold
 N - a ring of flight
 O - an amulet of reflection
Wands
 F - a wand of paralysis (12)
 J - a wand of flame (27)
 R - a wand of polymorph (4)
Scrolls
 j - 3 scrolls of fear
 A - 2 scrolls of teleportation
 H - 3 scrolls of fog
 P - a scroll of identify
Potions
 b - 4 potions of magic
 e - 2 potions of curing
 i - 3 potions of ambrosia
 l - 4 potions of might
 n - 2 potions of degeneration
 o - a potion of invisibility
 s - 2 potions of heal wounds
 z - 2 potions of resistance
 B - 3 potions of attraction
 C - a potion of berserk rage
 D - 2 potions of flight
 G - 2 potions of mutation
 M - 2 potions of haste


   Skills:
 + Level 3.0 Fighting
 + Level 6.1 Axes
 + Level 3.6 Armour
 + Level 4.0 Dodging
 + Level 2.7 Stealth
 + Level 2.0 Shields
 + Level 9.0 Spellcasting
 + Level 1.0 Hexes
 * Level 8.1 Summonings
 + Level 7.5 Ice Magic
 * Level 3.3 Invocations
 * Level 2.5 Evocations


You had 14 spell levels left.
You knew the following spells:

 Your Spells              Type           Power      Damage    Failure   Level
a - Freeze                Ice            100%       1d11      1%          1
b - Frozen Ramparts       Ice            100%       1d12      2%          3
c - Summon Small Mammal   Summ           100%       N/A       1%          1
d - Ozocubu's Armour      Ice            59%        N/A       2%          3
e - Call Canine Familiar  Summ           61%        N/A       1%          3
f - Summon Guardian Gole  Hex/Summ       44%        N/A       6%          3

Your spell library contained the following spells:

 Spells                   Type           Power      Damage    Failure   Level
 Poisonous Vapours        Pois/Air       28%        N/A       17%         2
 Tukima's Dance           Hex            21%        N/A       22%         3
 Hailstorm                Conj/Ice       39%        3d9       22%         4
 Summon Mana Viper        Hex/Summ       44%        N/A       41%         5
 Cause Fear               Hex            10%        N/A       54%         4
 Corpse Rot               Necr/Pois/Air  14%        N/A       67%         4
 Dragon Form              Tmut           7%         N/A       100%        7
 Dragon's Call            Summ           30%        N/A       100%        9


Dungeon Overview and Level Annotations

Branches:
Dungeon (10/15)            Temple (1/1) D:6          Bailey (visited)
   Lair: D:8-11         Orc: D:9-12

Altars:
Ashenzari
Cheibriados
Dithmenos
Fedhas
Gozag
Hepliaklqana
Kikubaaqudgha
Makhleb
Nemelex Xobeh
Okawaru
Qazlal
Ru
Sif Muna
Trog
Uskayaw
Vehumet
Wu Jian
Xom
Yredelemnul

Annotations:
D:10 Nergalle


Innate Abilities, Weirdness & Mutations

You have a pair of antennae on your head.
You are surrounded by a mild repulsion field. (EV +2)
A meltable icy envelope protects you from harm. (AC +8)
A meltable shield of frost defends you. (SH +4)
Your magical capacity is low. (-10% MP)
Your spells are a little harder to cast, but a little more powerful.


Message History

The spectral orc warlord attacks as you move away!
You block the spectral orc warlord's attack.
* * * LOW HITPOINT WARNING * * *
You feel very sick.
Okay, then.
Unknown command.
You can't see any enemies this would affect, really read the scroll of fear?
Okay, then.
The spectral orc warlord attacks as you move away!
The spectral orc warlord hits you but does no damage.
You are more poisoned.
* * * LOW HITPOINT WARNING * * *
You feel extremely sick.
You feel better.
The spectral orc warlord barely misses you.
The spectral orc warlord attacks as you move away!
The spectral orc warlord completely misses you.
Nergalle casts a spell at something.
There is an open door here.
The spectral orc warlord attacks as you move away!
The spectral orc warlord hits you with a +1 war axe of venom!
* * * LOW HITPOINT WARNING * * *
You feel drained.
* * * LOW HITPOINT WARNING * * *
You are lethally poisoned!
* * * LOW HITPOINT WARNING * * *
You feel very sick.
You feel better.
The spectral orc warlord is engulfed in freezing vapours.
The spectral orc warlord barely misses you.
The spectral orc knight attacks as you move away!
The spectral orc knight hits you!
* * * LOW HITPOINT WARNING * * *
You feel drained.
* * * LOW HITPOINT WARNING * * *
There is an escape hatch in the ceiling here.
Nergalle gestures at you while chanting.
Orcish apparitions take form around you.
The spectral orc warlord hits you with a +1 war axe of venom!
You die...

..........####<......#
.....###### ##'######
###.## #...### ...#
###...# ###### ###.#
.[...#### ########[#####
....{o..# #............#
...ZZ##.####.°ZZ........#
...{{##...##..ZZ@.......#
#.o{.####.9o....Z.......#
#....# ####............#
#..{.# #...>........#
#...h# #............+
#.o..# #............#
#....# #............#
#.#### ###+########## ).#


You could see Nergalle, 3 spectral orc warriors, a spectral orc knight
(summoned), a spectral orc warlord (summoned, ally target) and a friendly
guardian golem (summoned).

Vanquished Creatures
  A two-headed ogre (D:9)
  A troll (D:6)
  Prince Ribbit (Bailey)
  The ghost of reriks the Conjurer, an amateur DECj of Lugonu (D:5)
  A wraith (D:9)
  5 yaks
  6 humans (Bailey)
  A wyvern (D:9)
  A water moccasin (D:9)
  4 orc warriors
  2 sky beasts (D:6)
  3 ice beasts
  2 centaurs (D:9)
  An ogre (D:5)
  2 phantoms
  2 kobold brigands
  8 bullfrogs
  3 scorpions
  5 wights
  13 killer bees
  4 howler monkeys
  A hound (D:3)
  An orc priest (D:8)
  3 jellies
  4 iguanas
  2 orc wizards
  9 gnolls
  8 adders
  3 white imps
  2 ufetubi
  2 worms
  2 dart slugs
  22 orcs
  9 bats
  9 endoplasms
  5 giant cockroaches
  9 goblins
  8 hobgoblins
  4 quokkas
  8 ball pythons
  3 frilled lizards (D:1)
  10 kobolds
  A rat (D:3)
192 creatures vanquished.

Vanquished Creatures (collateral kills)
  Erica (D:10)
  A two-headed ogre (D:9)
  A troll (D:9)
  A shadow (D:9)
  A yak (D:9)
  An orc warrior (D:9)
  A centaur (D:7)
  A kobold brigand (D:10)
  A bullfrog (Bailey)
  A gnoll sergeant (D:8)
  A wight (D:8)
  2 killer bees
  A jelly (D:6)
  A hound (D:4)
  2 orc wizards
  3 gnolls
  A worm (D:5)
  10 orcs
  3 goblins (D:9)
  A hobgoblin (D:4)
  A kobold (D:5)
36 creatures vanquished.

Vanquished Creatures (others)
  2 vault guards (Bailey)
  2 orc warriors (D:9)
  2 wights (D:8)
  An orc (D:9)
  6 plants (D:3)
13 creatures vanquished.

Grand Total: 241 creatures vanquished

Notes
Turn   | Place    | Note
-------+----------+-------------------------------------------
     0 | D:1      | jlumianski the Demonspawn Ice Elementalist began the quest
                  | for the Orb.
     0 | D:1      | Reached XP level 1. HP: 13/13 MP: 3/3
   158 | D:1      | Gained mutation: A meltable shield of frost defends you.
                  | (SH +4) [demonic ancestry]
   158 | D:1      | Reached XP level 2. HP: 19/19 MP: 3/5
   168 | D:1      | Got Becofat's Atlas of the Fey Spider
   605 | D:1      | Reached XP level 3. HP: 24/24 MP: 3/6
   641 | D:1      | Learned a level 3 spell: Frozen Ramparts
  1176 | D:2      | Learned a level 1 spell: Summon Small Mammal
  1984 | D:3      | Reached XP level 4. HP: 30/30 MP: 8/8
  2107 | D:3      | Identified the +1 leather armour of Integrity {Int+4}
  2331 | D:3      | Reached skill level 1 in Armour
  2878 | D:3      | Learned a level 3 spell: Ozocubu's Armour
  2885 | D:3      | Reached skill level 1 in Axes
  2885 | D:3      | Reached skill level 1 in Summonings
  2885 | D:3      | Gained mutation: A meltable icy envelope protects you from
                  | harm. (AC +8) [demonic ancestry]
  2885 | D:3      | Reached XP level 5. HP: 35/35 MP: 9/9
  3152 | D:3      | Reached skill level 3 in Spellcasting
  3383 | D:4      | Gained mutation: You have a pair of small antennae on your
                  | head. [demonic ancestry]
  3383 | D:4      | Reached XP level 6. HP: 41/41 MP: 11/11
  3423 | D:5      | Entered Level 5 of the Dungeon
  3993 | D:3      | Reached skill level 4 in Spellcasting
  4081 | D:4      | Gained mutation: You are surrounded by a mild repulsion
                  | field. (EV +2) [demonic ancestry]
  4081 | D:4      | Reached XP level 7. HP: 47/47 MP: 13/13
  4359 | D:4      | Found a broken altar of Ashenzari.
  4361 | D:4      | Found a hazy altar of Hepliaklqana.
  4617 | D:5      | Learned a level 3 spell: Call Canine Familiar
  4680 | D:5      | Reached skill level 5 in Ice Magic
  4935 | D:5      | Found a hide-covered altar of Uskayaw.
  5133 | D:5      | Reached XP level 8. HP: 53/53 MP: 15/15
  5446 | D:5      | Found a runed translucent gate.
  5447 | D:5      | Found a runed translucent gate.
  5448 | D:5      | Found a runed translucent gate.
  5448 | D:5      | Noticed reriks's ghost (amateur DECj)
  5655 | D:5      | Reached skill level 5 in Spellcasting
  5658 | D:5      | Killed reriks's ghost
  5659 | D:5      | Reached skill level 1 in Fighting
  6118 | D:6      | Reached skill level 1 in Shields
  6216 | D:6      | Noticed a troll
  6232 | D:6      | Killed a troll
  6233 | D:6      | Reached skill level 6 in Spellcasting
  6233 | D:6      | Reached skill level 5 in Summonings
  6233 | D:6      | Reached XP level 9. HP: 40/59 MP: 17/18
  6464 | D:6      | Found a staircase to the Ecumenical Temple.
  6471 | Temple   | Entered the Ecumenical Temple
  6471 | Temple   | Found a transporter.
  6471 | Temple   | Found a transporter.
  6473 | Temple   | Found a transporter.
  6473 | Temple   | Found a transporter.
  6508 | Temple   | Became a worshipper of Qazlal Stormbringer
  7073 | D:7      | Learned a level 3 spell: Summon Guardian Golem
  7314 | D:8      | Found an opulent altar of Gozag.
  7719 | D:9      | Identified 2 scrolls of acquirement
  7719 | D:9      | Acquired a +1 pair of boots of flying
  7726 | D:9      | Acquired a +0 broad axe of flaming
  7752 | D:9      | Found a flagged portal.
  7758 | D:9      | Reached * piety under Qazlal
  7772 | D:9      | Reached skill level 5 in Axes
  7772 | D:9      | Reached skill level 7 in Spellcasting
  8060 | D:9      | Gained mutation: A meltable icy envelope protects you from
                  | harm. (AC +8) [demonic ancestry]
  8060 | D:9      | Reached XP level 10. HP: 21/67 MP: 20/20
  8326 | Bailey   | Entered a bailey
  8467 | Bailey   | Noticed Prince Ribbit
  8513 | Bailey   | Killed Prince Ribbit
  8614 | Bailey   | Noticed a vault guard
  8629 | Bailey   | Noticed a vault guard
  8661 | Bailey   | Killed a vault guard
  8662 | Bailey   | Reached skill level 8 in Spellcasting
  8662 | Bailey   | Reached skill level 1 in Invocations
  8662 | Bailey   | Reached skill level 1 in Evocations
  8687 | Bailey   | Killed a vault guard
  8922 | D:8      | Found Zin's Purification Station.
  8929 | D:8      | Bought a potion of curing for 90 gold pieces
  8989 | D:8      | Reached ** piety under Qazlal
  9783 | D:9      | Reached skill level 1 in Hexes
  9793 | D:9      | Gained mutation: You have a pair of antennae on your head.
                  | [demonic ancestry]
  9793 | D:9      | Reached XP level 11. HP: 69/74 MP: 23/23
  9895 | D:9      | Noticed a two-headed ogre
  9903 | D:9      | Killed a two-headed ogre
  9999 | D:9      | Identified the +1 leather armour "Yprewes" {Str+5}
 10043 | D:9      | Noticed a two-headed ogre
 10055 | D:9      | Killed a two-headed ogre
 10587 | D:10     | Entered Level 10 of the Dungeon
 10601 | D:10     | Gained mutation: Your magical capacity is low. (-10% MP)
                  | [potion of mutation]
 10601 | D:10     | Gained mutation: Your spells are a little harder to cast,
                  | but a little more powerful. [potion of mutation]
 10620 | D:10     | Noticed Erica
 10634 | D:10     | Killed Erica
 10635 | D:10     | Reached skill level 9 in Spellcasting
 10658 | D:10     | Identified the +0 pair of boots of Wu Jian's Displeasure
                  | {+Inv rElec}
 10846 | D:10     | Noticed Nergalle
 11142 | D:10     | Noticed a spectral orc warlord
 11162 | D:10     | Mangled by a spectral orc warlord

Illustrated notes

Levels and vault maps discovered:
D:1:      spicycebolla_arrival_ecumenical, layout_loops_ring,
          columned_hall_lemuel, glass_columns_a, minmay_misc_feat_hallway,
          st_stairs_11
D:2:      layout_basic, bh_walls_and_bars
D:3:      layout_basic, serial_forest, infiniplex_forest_lined_ring,
          infiniplex_forest_corner_1, infiniplex_forest_lined_3_way,
          infiniplex_forest_clump_tiny, infiniplex_forest_pool,
          infiniplex_forest_clump_cross, infiniplex_forest_lined_2,
          infiniplex_forest_lined_3, infiniplex_forest_clump_large
D:4:      layout_cave_pools, nicolae_overflow_hidden_temple
D:5:      layout_basic, eat_drink_and_be_merry_uskayaw,
          gammafunk_ghost_nasty_kobolds
D:6:      layout_cave_pools, temple_green
D:7:      layout_basic
D:8:      layout_gridville, zin_purify, nicolae_gozag_seed_capital,
          blue_anna_alchemist
D:9:      layout_rooms, enter_bailey_5, nicolae_elevator_lobby_asterisk
D:10:     layout_roguey, erik_lair_island,
          kennysheep_orc_monster_closet_entryway, gammafunk_ghost_grave,
          uniq_nergalle, uniq_sonja, uniq_erica, uniq_joseph
Temple:   hellmonk_temple_divided_pantheon

Skill      XL: |  1  2  3  4  5  6  7  8  9 10 11 |
---------------+----------------------------------+-----
Ice Magic      | 4 5 6 7 |  7.5
Dodging        | 2 3 4 |  4.0
Stealth        | 2 |  2.7
Armour         | 1 2 3 |  3.6
Axes           | 1 3 4 5 6 |  6.1
Summonings     | 1 2 3 5 6 7 8 |  8.1
Spellcasting   | 3 4 6 7 8 9 |  9.0
Fighting       | 1 2 3 |  3.0
Shields        | 1 2 |  2.0
Invocations    | 2 3 |  3.3
Evocations     | 1 2 |  2.5
Hexes          | 1 |  1.0

Action                   |  1- 3 |  4- 6 |  7- 9 | 10-12 || total
-------------------------+-------+-------+-------+-------++-------
Melee: War axe           |    47 |    67 |       |       ||   114
       Battleaxe         |       |    24 |    97 |       ||   121
       Broad axe         |       |       |    18 |    72 ||    90
       Punch             |       |       |       |     1 ||     1
 Cast: Freeze            |    25 |    17 |     3 |     1 ||    46
       Frozen Ramparts   |     9 |    19 |    31 |    26 ||    85
       Summon Small Mamm |       |     6 |     9 |     9 ||    24
       Ozocubu's Armour  |       |     4 |    13 |     6 ||    23
       Call Canine Famil |       |       |    20 |    24 ||    44
       Summon Guardian G |       |       |     4 |    12 ||    16
Invok: Upheaval          |       |       |       |     1 ||     1
  Use: Scroll            |       |    11 |     9 |     4 ||    24
       Potion            |       |     1 |       |     4 ||     5
 Stab: Sleeping          |     1 |       |       |       ||     1
       Distracted        |       |       |     1 |     1 ||     2
Armor: Robe              |     7 |       |       |       ||     7
       Leather armour    |    16 |    21 |    40 |    29 ||   106
Dodge: Dodged            |    50 |   112 |   151 |    71 ||   384
Block: Other             |    17 |    27 |    31 |    34 ||   109

Table legend: (Time is in decaauts)
 A = Elapsed time spent in this place.
 B = Non-inter-level travel time spent in this place.
 C = Inter-level travel time spent in this place.
 D = Time resting spent in this place.
 E = Time spent auto-exploring this place.
 F = Levels seen in this place.
 G = Mean time per level.
                   A        B        C        D        E       F      G
               +--------+--------+--------+--------+--------+-----+--------+
         Total |  11312 |  11162 |    150 |   1375 |   5876 |  12 |  942.7 |
       Dungeon |  10763 |  10613 |    150 |   1301 |   5876 |  10 | 1076.3 |
        Temple |     52 |     52 |      0 |      0 |      0 |   1 |   52.0 |
        Bailey |    496 |    496 |      0 |     74 |      0 |   1 |  496.0 |
               +--------+--------+--------+--------+--------+-----+--------+

Top non-repeatable levels by time:
     D:3: 1810 daAuts
     D:9: 1454 daAuts
     D:8: 1429 daAuts
     D:5: 1284 daAuts
     D:1: 1108 daAuts
     D:6: 892 daAuts
     D:2: 820 daAuts
     D:4: 807 daAuts
     D:7: 782 daAuts
  Bailey: 496 daAuts
    D:10: 373 daAuts
  Temple: 52 daAuts
